 Dungeon Crawl Stone Soup version 0.20-a0-210-gd6c29eb (webtiles) character file.

43433 Lochraine the Grappler (level 13, -5/127 HPs)
             Began as a Troll Monk on Nov 26, 2016.
             Was the Champion of Cheibriados.
             Slain by an 11-headed hydra (13 damage)
             ... on level 5 of the Lair of Beasts.
             The game lasted 00:55:28 (12299 turns).

Lochraine the Grappler (Troll Monk)                Turns: 12299, Time: 00:55:29

Health: -5/127     AC:  9    Str: 37    XL:     13   Next: 90%
Magic:  0/18       EV: 12    Int: 23    God:    Cheibriados [******]
Gold:   703        SH: 23    Dex: 29    Spells: 12/12 levels left

rFire  + . .     SeeInvis +       - Unarmed
rCold  x . .     Gourm    +     a - +0 robe
rNeg   . . .     Faith    .     n - +1 large shield
rPois  .         Spirit   +     g - +2 hat {SInv}
rElec  .         Reflect  .     y - +1 cloak
rCorr  .         Harm     .     (gloves unavailable)
MR     .....                    (boots unavailable)
Stlth  ++++......               F - amulet of guardian spirit
                                P - ring of see invisible
                                r - ring of fire

@: very slightly contaminated, invisible, very slow
A: unfitting armour, claws 3, fast metabolism 3, gourmand, regeneration 1,
shaggy fur 1, tough skin 2
a: Bend Time, Temporal Distortion, Slouch, Step From Time, Renounce Religion


You were on level 5 of the Lair of Beasts.
You worshipped Cheibriados.
Cheibriados was exalted by your worship.
You were full.

You visited 2 branches of the dungeon, and saw 15 of its levels.
You also visited: Ice Cave.

You collected 781 gold pieces.
You spent 78 gold pieces at shops.

Inventory:

Missiles
 B - 5 poisoned tomahawks
 Q - 9 tomahawks (quivered)
 U - a throwing net
Armour
 a - a +0 robe (worn)
 g - a +2 hat of see invisible (worn)
 n - a +1 large shield (worn)
 y - a +1 cloak (worn)
Jewellery
 r - a ring of fire (left claw)
 F - an amulet of guardian spirit (around neck)
 P - a ring of see invisible (right claw)
Wands
 p - a wand of confusion (0/48)
 H - a wand of slowing (22/48)
 I - a wand of confusion (22/48)
 L - a wand of lightning (0/15)
 M - a wand of lightning (8/15)
 N - a wand of lightning (7/15)
 V - a wand of confusion (17/48)
 X - a wand of confusion (10/48)
Scrolls
 f - a scroll of amnesia
 h - 3 scrolls of enchant weapon
 i - a scroll of teleportation
 l - 4 scrolls of magic mapping
 u - 5 scrolls of remove curse
 v - 3 scrolls of enchant armour
 K - a scroll of identify
 S - a scroll of summoning
 W - a scroll of silence
Potions
 c - 2 potions of cancellation {unknown}
 d - a potion of magic {unknown}
 e - a potion of mutation
 k - 2 potions of brilliance {unknown}
 m - 3 potions of lignification
 q - 6 potions of haste
 s - a potion of agility
 w - a potion of cure mutation {unknown}
 x - a potion of ambrosia
 z - 7 potions of flight
 A - 4 potions of invisibility
 C - a potion of berserk rage {unknown}
 G - 3 potions of heal wounds
 O - 2 potions of might {unknown}
Books
 t - a book of Unlife

   Spells                             Type                      Level
   a - Recall                         Summoning/Translocation      3
   b - Animate Dead                   Necromancy                   4
   c - Control Undead                 Necromancy                   4
   d - Cigotuvi's Embrace             Necromancy                   5
   e - Death Channel                  Necromancy                   6
   f - Simulacrum                     Ice/Necromancy               6
 R - a book of Callings

   Spells                             Type                      Level
   a - Summon Small Mammal            Summoning                    1
   b - Call Imp                       Summoning                    2
   c - Call Canine Familiar           Summoning                    3
   d - Summon Guardian Golem          Hexes/Summoning              3
   e - Summon Lightning Spire         Summoning/Air                4
   f - Summon Ice Beast               Ice/Summoning                4
Comestibles
 b - 10 bread rations
 j - 10 slices of pizza
 o - 7 meat rations
 D - 36 fruits
 E - 3 beef jerkies
 J - 3 royal jellies


   Skills:
 - Level 7.9 Fighting
 + Level 4.4 Dodging
 - Level 4.4 Stealth
 + Level 10.3 Shields
 + Level 11.5 Unarmed Combat
 + Level 9.1 Invocations
 - Level 7.2 Evocations


You had 12 spell levels left.
You didn't know any spells.

Dungeon Overview and Level Annotations

Branches:
Dungeon (9/15)             Temple (0/1) D:7            Lair (6/6) D:9
  Swamp (0/4) Lair:2       Spider (0/4) Lair:4        Slime (0/5) Lair:5
    Orc: D:9-12

Altars:
Ashenzari
Cheibriados
Jiyva

Shops:
D:4 }   D:5 ([!   D:9 %

Annotations:
Lair:1 exclusion: hydra
Lair:2 exclusions: electric eel and 2 oklob plants
Lair:5 1 runed door, exclusion: electric eel


Innate Abilities, Weirdness & Mutations

You are too large for most types of armour.
You have claws for hands.
Your metabolism is lightning-fast.
You like to eat raw meat.
Your natural rate of healing is unusually fast.
You are covered in fur. (AC +1)
You have very tough skin. (AC +2)


Message History

* * * LOW HITPOINT WARNING * * *
The 11-headed hydra barely misses you. The 11-headed hydra bites you.
* * * LOW HITPOINT WARNING * * *
The 11-headed hydra barely misses you. The 11-headed hydra closely misses you.
You block the 11-headed hydra's attack.
Evoke which item? (* to show all) (? for menu, Esc to quit)
Zapping:
V - a wand of confusion (18/48)
Press: ? - help, Shift-Dir - straight line, f/p - 11-headed hydra
Aim: an 11-headed hydra (heavily wounded, chance to defeat MR: 27%)
The 11-headed hydra easily resists.
This wand has 17 charges left.
You block the 11-headed hydra's attack. x2; The 11-headed hydra bites you!
* * * LOW HITPOINT WARNING * * *
You block the 11-headed hydra's attack.
The 11-headed hydra barely misses you. x2
The 11-headed hydra bites you!
* * * LOW HITPOINT WARNING * * *
The 11-headed hydra bites you.
* * * LOW HITPOINT WARNING * * *
The 11-headed hydra completely misses you.
You block the 11-headed hydra's attack. The 11-headed hydra bites you!
You die...

#.##.P#.#..!.............####....
#....##.P.P.≈...............##.#.
........≈≈;P≈≈.......#..##.#.....
#......P;♣≈♣≈P.....#.######......
#.#..PP≈P♣ ♣♣P>...#### ##.....
#....PPP♣♣ ♣≈≈≈...# + ##....
.....≈P≈≈♣ ♣≈≈P...#.# #.....
......PPP♣♣♣≈≈P†D...## #...P.
#......≈≈PP♣≈≈≈P@...P# ####...P.
#...PP.≈P≈≈≈≈P......## ##.#..#...
P...###≈≈PP.>.......####..###.#.P
#.....#≈#......P...<...#..#####.P
.....######.....#.........#......
##..#####......#............#....
.#..##.#.......###P..........#...
#..P#.#.......###............#...
##.##.........##..[..............


You could see a 11-headed hydra.

Vanquished Creatures
  Gastronok (D:8)
  5 hydras
  2 anacondas (Lair:4)
  Erica (Lair:1)
  11 death yaks
  Sonja (Lair:1)
  An unseen horror (D:8)
  An elephant (Lair:5)
  Joseph (D:9)
  6 black mambas
  8 spiny frogs
  2 rime drakes (Lair:1)
  4 komodo dragons
  9 polar bears
  2 hornets
  Prince Ribbit (D:9)
  7 blink frogs
  A two-headed ogre (D:9)
  10 hippogriffs
  A wraith (D:8)
  A wyvern (Lair:3)
  24 yaks
  2 basilisks
  Grum (D:8)
  13 water moccasins
  Duvessa (D:7)
  13 porcupines
  5 orc warriors
  A black bear (D:7)
  A hornet zombie (D:9)
  5 ice beasts
  A sky beast (D:7)
  An eye of draining (D:8)
  2 phantoms
  45 wolves
  2 centaurs
  4 ogres
  11 crocodiles
  2 big kobolds (D:8)
  A gnoll sergeant (D:9)
  8 bullfrogs
  4 scorpions
  Dowan (D:7)
  3 killer bees (D:8)
  9 wights
  2 howler monkeys (D:8)
  3 crimson imps
  8 hounds
  A centaur skeleton (D:6)
  3 jellies
  8 orc priests
  20 orc wizards
  2 bullfrog skeletons
  3 iguanas
  6 worker ants
  A worker ant zombie (D:8)
  Robin (D:4)
  6 gnolls
  A howler monkey skeleton (D:8)
  10 adders
  2 river rats (D:9)
  An adder skeleton (D:8)
  2 adder zombies
  5 worms
  2 dart slugs (D:3)
  2 leopard geckos
  31 orcs
  9 bats
  5 giant cockroaches
  11 goblins
  17 hobgoblins
  7 jackals
  6 quokkas
  A ball python (D:2)
  5 frilled lizards
  11 kobolds
  11 rats
439 creatures vanquished.

Vanquished Creatures (collateral kills)
  A fungus (Lair:1)
1 creature vanquished.

Vanquished Creatures (others)
  An orc wizard (D:9)
  9 fungi
  7 plants
17 creatures vanquished.

Grand Total: 457 creatures vanquished

Notes
Turn   | Place    | Note
-------+----------+-------------------------------------------
     0 | D:1      | Lochraine the Troll Monk began the quest for the Orb.
     0 | D:1      | Reached XP level 1. HP: 22/22 MP: 0/0
   114 | D:1      | Reached XP level 2. HP: 18/29 MP: 1/1
   509 | D:2      | Reached XP level 3. HP: 33/36 MP: 2/2
   920 | D:3      | Found a faded altar of an unknown god.
   929 | D:3      | Became a worshipper of Cheibriados the Contemplative
   929 | D:3      | Reached * piety under Cheibriados
   929 | D:3      | Reached ** piety under Cheibriados
  1050 | D:3      | Reached XP level 4. HP: 38/45 MP: 3/3
  1072 | D:3      | Reached *** piety under Cheibriados
  1203 | D:3      | Noticed an ice beast
  1256 | D:3      | Killed an ice beast
  1256 | D:3      | Reached skill level 1 in Shields
  1256 | D:3      | Reached skill level 4 in Unarmed Combat
  1256 | D:3      | Reached XP level 5. HP: 53/53 MP: 4/4
  2003 | D:4      | Found Uqaigicu's Gadget Emporium.
  2004 | D:4      | Reached XP level 6. HP: 61/61 MP: 5/5
  2043 | D:4      | Reached **** piety under Cheibriados
  2086 | D:4      | Reached skill level 5 in Unarmed Combat
  2191 | D:4      | Noticed Robin
  2210 | D:4      | Reached skill level 1 in Invocations
  2265 | D:4      | Killed Robin
  2265 | D:4      | Reached XP level 7. HP: 42/67 MP: 6/6
  2415 | D:5      | Entered Level 5 of the Dungeon
  2547 | D:5      | Found Myvofac's Distillery.
  2587 | D:5      | Bought a potion of flight for 39 gold pieces
  2587 | D:5      | Bought a potion of curing for 39 gold pieces
  2631 | D:5      | Reached skill level 6 in Unarmed Combat
  2754 | D:5      | Found Lupeanepa's Antique Weapon Emporium.
  2782 | D:5      | Found Yfus's Armour Shop.
  2964 | D:6      | Found a shattered altar of Ashenzari.
  2973 | D:6      | Reached XP level 8. HP: 71/75 MP: 8/8
  2996 | D:6      | Reached ***** piety under Cheibriados
  3014 | D:6      | Reached skill level 7 in Unarmed Combat
  3632 | D:7      | Reached XP level 9. HP: 66/83 MP: 9/11
  3650 | D:7      | Found a staircase to the Ecumenical Temple.
  3687 | D:7      | Reached skill level 8 in Unarmed Combat
  3991 | D:7      | Noticed Dowan
  3992 | D:7      | Paralysed by a hornet for 2 turns
  3996 | D:7      | Paralysed by a hornet for 1 turns
  3997 | D:7      | Noticed Duvessa
  3999 | D:7      | Reached skill level 5 in Shields
  4006 | D:7      | Killed Dowan
  4021 | D:7      | Killed Duvessa
  4021 | D:7      | Reached skill level 5 in Invocations
  4271 | D:7      | Reached ****** piety under Cheibriados
  4697 | D:8      | HP: 4/83 [something (8)]
  4716 | D:8      | Killed an unseen horror
  4716 | D:8      | Reached skill level 9 in Unarmed Combat
  4716 | D:8      | Reached XP level 10. HP: 9/91 MP: 6/13
  4860 | D:8      | Noticed Gastronok
  4870 | D:8      | Killed Gastronok
  5192 | D:8      | Noticed Grum
  5202 | D:8      | Killed Grum
  5569 | D:9      | Noticed a tengu warrior
  5569 | D:9      | Noticed a seven-headed hydra
  5585 | D:9      | Noticed Joseph
  5649 | D:9      | Noticed Prince Ribbit
  5655 | D:9      | Killed Prince Ribbit
  5655 | D:9      | Reached skill level 10 in Unarmed Combat
  5670 | D:9      | Noticed a death yak
  5702 | D:9      | Reached XP level 11. HP: 87/97 MP: 15/15
  5718 | D:9      | Found Xiusch's Food Shoppe.
  5771 | D:9      | Noticed a death yak
  5813 | D:9      | Noticed a death yak
  5999 | D:9      | Killed Joseph
  5999 | D:9      | Reached skill level 1 in Evocations
  6205 | D:9      | Killed a death yak
  6213 | D:9      | Killed a death yak
  6219 | D:9      | Killed a death yak
  6282 | D:9      | Found a staircase to the Lair.
  6315 | Lair:1   | Entered Level 1 of the Lair of Beasts
  6382 | Lair:1   | Noticed Sonja
  6421 | Lair:1   | Found a frozen archway.
  6452 | IceCv    | Entered an ice cave
  6599 | IceCv    | Noticed a death yak
  6607 | IceCv    | Reached skill level 5 in Fighting
  6653 | IceCv    | Killed a death yak
  6716 | IceCv    | Reached skill level 5 in Evocations
  6742 | IceCv    | Reached XP level 12. HP: 80/111 MP: 12/16
  7034 | Lair:1   | Noticed a six-headed hydra
  7222 | Lair:1   | Noticed a four-headed hydra
  7227 | Lair:1   | Noticed Erica
  7242 | Lair:1   | Killed a six-headed hydra
  7253 | Lair:1   | Killed a five-headed hydra
  7295 | Lair:1   | Killed Erica
  7729 | Lair:1   | Killed Sonja
  8413 | Lair:2   | Noticed a seven-headed hydra
  8578 | Lair:2   | Killed a 13-headed hydra
  8669 | Lair:2   | Noticed a death yak
  8671 | Lair:2   | Noticed a death yak
  8672 | Lair:2   | Noticed a death yak
  8672 | Lair:2   | Noticed a death yak
  8692 | Lair:2   | Killed a death yak
  8703 | Lair:2   | Killed a death yak
  8714 | Lair:2   | Killed a death yak
  8728 | Lair:2   | Killed a death yak
  8728 | Lair:2   | Reached XP level 13. HP: 53/124 MP: 7/17
  9111 | Lair:2   | Found a staircase to the Swamp.
 10661 | Lair:4   | Reached skill level 11 in Unarmed Combat
 10719 | Lair:4   | Reached skill level 10 in Shields
 10935 | Lair:4   | Found a hole to the Spider Nest.
 11790 | Lair:5   | Found a viscous altar of Jiyva.
 11790 | Lair:5   | Found a staircase to the Slime Pits.
 11857 | Lair:5   | HP: 2/127 [11-headed hydra (5)]
 12284 | Lair:6   | Entered Level 6 of the Lair of Beasts
 12297 | Lair:5   | Found a runed door.
 12299 | Lair:5   | Slain by an 11-headed hydra

Vault maps used:
D:1:      ncdulo_lavacross
D:2:      minmay_tiny_reverse_x
D:3:      minmay_diamond_boxcup, chequers_ecumenical_altar_simple_redux,
          minivault_14, minmay_door_square
D:4:      serial_shops, shop, first_bread, uniq_robin
D:5:      serial_shops, shop_fountains, shop,
          nicolae_shop_temple_entry_statues_fountains, minivault_27
D:6:      ashenzari_altar_1
D:7:      black_bear_nest_2, uniq_duvessa, uniq_crazy_yiuf_cottage
D:8:      minmay_distorted_concentric_squares, grunt_pizzeria,
          wad_floor_pattern_2, uniq_grum, uniq_gastronok
D:9:      dpeg_lair_monsters, serial_shops, shop, minivault_20,
          uniq_prince_ribbit1, uniq_joseph
Lair:1:   portal_ice_cave_rime, grunt_forest_large_clearings,
          grunt_megastairs_3, uniq_sonja, uniq_erica
Lair:2:   swamp_mist, st_stairs_9, grunt_megastairs_2,
          minmay_lair_oklob_chamber, infiniplex_staircase_pool_2,
          serial_bayou_shore_a
Lair:4:   beast_lair_carwin_large_4, nicolae_spider_entry_non_spiders,
          lemuel_fruit_tree
Lair:5:   slime_altar_1, serial_bayou, serial_bayou_pond_a, serial_bayou_lake_a,
          serial_bayou_pond_e, serial_bayou_pond_c,
          nicolae_quartered_pool_little, pf_torpor_hydra
Lair:6:   minmay_lair_end_enchanted_forest
IceCv:    ice_cave_caverns_01

Skill      XL: |  1  2  3  4  5  6  7  8  9 10 11 12 13 |
---------------+----------------------------------------+-----
Dodging        | 3 4 |  4.4
Fighting       | 3 5 7 |  7.9
Shields        | 1 2 3 4 5 7 8 9 10 | 10.3
Unarmed Combat | 4 5 6 7 9 10 11 | 11.5
Invocations    | 1 2 4 5 7 9 |  9.1
Stealth        | 3 4 |  4.4
Evocations     | 5 7 |  7.2

Action                   |  1- 3 |  4- 6 |  7- 9 | 10-12 | 13-15 || total
-------------------------+-------+-------+-------+-------+-------++-------
Melee: Unarmed           |   107 |   162 |   321 |   582 |   306 ||  1478
       Punch             |     1 |       |       |       |       ||     1
Throw: Tomahawk          |       |       |       |    30 |     2 ||    32
       Throwing net      |       |       |       |     1 |       ||     1
Invok: Slouch            |       |       |       |     2 |     3 ||     5
Evoke: Wand              |       |     3 |       |     9 |     7 ||    19
  Use: Scroll            |       |     3 |     3 |    15 |     7 ||    28
       Potion            |       |       |     6 |     1 |     4 ||    11
 Stab: Sleeping          |     2 |     1 |     9 |     5 |     5 ||    22
       Confused          |       |     1 |       |     5 |     1 ||     7
       Distracted        |       |       |     1 |     4 |     3 ||     8
  Eat: Chunk             |    15 |     7 |    18 |    28 |    23 ||    91
Armor: Robe              |    41 |    19 |    63 |    74 |    46 ||   243
Dodge: Dodged            |    48 |    29 |    63 |   113 |    79 ||   332
Block: Large shield      |    12 |   101 |   256 |   537 |   343 ||  1249
